 Dungeon Crawl Stone Soup version 0.26.0-10-g1f06aea511 (webtiles) character file.

Game seed: 1719086967132504647

17969 Dracia the Cruncher (level 12, -2/78 HPs)
             Began as a Demonspawn Gladiator on Jan 18, 2021.
             Was a High Priest of Makhleb.
             Slain by a nine-headed hydra (4 damage)
             ... on level 2 of the Lair of Beasts.
             The game lasted 00:24:54 (12236 turns).

Dracia the Cruncher (Demonspawn Gladiator)         Turns: 12236, Time: 00:24:56

Health: -2/78      AC: 19    Str: 17    XL:     12   Next: 23%
Magic:  21/21      EV: 11    Int: 15    God:    Makhleb [*****.]
Gold:   717        SH:  0    Dex: 14    Spells: 11/11 levels left

rFire    + . .     SeeInvis .   s - +5 lajatang "Banisher" {elec, rN+}
rCold    . . .     Faith    .   (shield currently unavailable)
rNeg     + . .     Spirit   .   M - +0 chain mail
rPois    .         Reflect  .   c - +0 helmet
rElec    .         Harm     .   n - +2 cloak
rCorr    .         Rampage  .   q - +0 pair of gloves
Will     .....                  (no boots)
Stlth    ..........             A - amulet of the acrobat
HPRegen  0.23/turn              T - +4 ring of protection
MPRegen  0.17/turn              x - ring "Vexuinibb" {*Contam +Inv +Fly EV+4 Int+2}

@: no status effects
A: talons 1, iridescent scales 1, fire resistance 1, powered by death 1, powered
by pain 3
a: Renounce Religion, Evoke Invisibility, Evoke Flight, Minor Destruction,
Lesser Servant of Makhleb, Major Destruction, Greater Servant of Makhleb


You were on level 2 of the Lair of Beasts.
You worshipped Makhleb.
Makhleb was extremely pleased with you.
You visited 2 branches of the dungeon, and saw 13 of its levels.
You also visited: Sewer.

You collected 717 gold pieces.


Innate Abilities, Weirdness & Mutations

You have sharp toenails.
You are partially covered in iridescent scales. (AC +2)
Your flesh is heat resistant. (rF+)
You regenerate a little health from kills.
You are powered by pain.


   Skills:
 - Level 2.0 Fighting
 - Level 9.1 Short Blades
 * Level 13.3 Staves
 - Level 1.7 Throwing
 - Level 2.6 Dodging
 + Level 12.7 Invocations


You had 11 spell levels left.
You didn't know any spells.
Your spell library contained the following spells:

 Spells                   Type           Power        Failure   Level
 Corona                   Hex            0%           99%         1
 Freeze                   Ice            0%           99%         1
 Shock                    Conj/Air       0%           99%         1
 Blink                    Tloc           N/A          100%        2
 Ensorcelled Hibernation  Hex/Ice        0%           100%        2
 Slow                     Hex            0%           100%        2
 Swiftness                Air            0%           100%        2
 Confusing Touch          Hex            0%           100%        3
 Dazzling Flash           Conj/Hex       0%           100%        3
 Frozen Ramparts          Ice            0%           100%        3
 Gell's Gravitas          Tloc           0%           100%        3
 Inner Flame              Hex/Fire       0%           100%        3
 Lesser Beckoning         Tloc           0%           100%        3
 Ozocubu's Armour         Ice            0%           100%        3
 Portal Projectile        Hex/Tloc       0%           100%        3
 Static Discharge         Conj/Air       0%           100%        3
 Teleport Other           Tloc           0%           100%        3
 Tukima's Dance           Hex            0%           100%        3
 Airstrike                Air            0%           100%        4
 Cause Fear               Hex            0%           100%        4
 Hailstorm                Conj/Ice       0%           100%        4
 Leda's Liquefaction      Hex/Erth       0%           100%        4
 Passage of Golubria      Tloc           N/A          100%        4
 Petrify                  Tmut/Erth      0%           100%        4
 Summon Ice Beast         Ice/Summ       0%           100%        4
 Lightning Bolt           Conj/Air       0%           100%        5
 Metabolic Englaciation   Hex/Ice        0%           100%        5
 Yara's Violent Unravell  Hex/Tmut       0%           100%        5

Inventory:

Hand Weapons
 a - a +0 spectral rapier
 f - a +1 dagger of protection
 s - the +5 lajatang "Banisher" (weapon) {elec, rN+}
   (You found it on level 4 of the Dungeon)

   Occasionally, upon striking a foe, it can discharge electrical energy and
   cause terrible harm.
   It protects you from negative energy.
Missiles
 d - 6 throwing nets {=f=f}
 i - 7 curare-tipped darts {=f=f}
 y - 3 datura-tipped darts
 P - 29 poisoned darts
Armour
 c - a +0 helmet (worn)
 n - a +2 cloak (worn)
 q - a +0 pair of gloves (worn)
 M - a +0 chain mail (worn)
Jewellery
 v - an uncursed ring of see invisible
 x - the ring "Vexuinibb" (right hand) {*Contam +Inv +Fly EV+4 Int+2}
   (You found it on level 4 of the Dungeon)

   [ring of evasion]

   It affects your evasion (+4).
   It affects your intelligence (+2).
   It lets you turn invisible.
   It lets you fly.
   It causes magical contamination when unequipped.
 A - an amulet of the acrobat (around neck)
 C - an uncursed ring of protection from cold
 F - an uncursed ring of protection from fire
 T - a +4 ring of protection (left hand)
Wands
 b - a wand of polymorph (4)
 o - a wand of random effects (32)
 w - a wand of iceblast (9)
 z - a wand of flame (13)
 H - a wand of digging (6)
 O - a wand of paralysis (4)
 R - a wand of enslavement (8)
 S - a wand of acid (13)
Scrolls
 e - 8 scrolls of teleportation {@r4@r4}
 g - 4 scrolls of remove curse {@r2@r2}
 p - a scroll of blinking
 t - 2 scrolls of immolation
 G - 4 scrolls of magic mapping
 K - a scroll of amnesia
 U - a scroll of fog
 V - 2 scrolls of brand weapon
Potions
 h - 4 potions of flight
 j - 2 potions of might
 k - 3 potions of magic
 l - 3 potions of curing {@q1@q1}
 m - a potion of lignification {unknown}
 r - a potion of invisibility
 u - a potion of cancellation
 E - a potion of mutation
 J - a potion of attraction
 N - 3 potions of brilliance

Dungeon Overview and Level Annotations

Branches:
Dungeon (11/15)            Temple (0/1) D:7            Lair (2/6) D:10
 Spider (0/4) Lair:2          Orc (0/2) D:10          Sewer (visited)
  Swamp: Lair:2-4    Shoals: Lair:2-4

Altars:
Cheibriados
Dithmenos
Elyvilon
Fedhas
Makhleb
Nemelex Xobeh
Ru
Trog
Xom
Yredelemnul
Zin
The Shining One

Shops:
D:5 (   D:6 [   D:8 : D:9

: #...#..... #P......
#..>.#..... .......
##.....#..... #.....#
#^.^^.##.....
#.....###..^.##......
##.....##..^.^###.....
#......##..^####....<.
#...FD##^.^##..#P.....
#..?.@....##..........
##........######......
#.........#†##.......
.............††........
..###.#..#.#######.P####
# ###.#.## #### ####


You could see a nine-headed hydra (corroded) and a bullfrog.


Message History

The bullfrog hits you.
* * * LOW HITPOINT WARNING * * *
You slice one of the eight-headed hydra's heads off!
The seven-headed hydra grows two more!
You slice the nine-headed hydra!! You claw the nine-headed hydra!
The nine-headed hydra is almost dead.
The nine-headed hydra bites you but does no damage. x2
The nine-headed hydra bites you.
* * * LOW HITPOINT WARNING * * *
The nine-headed hydra bites you!
* * * LOW HITPOINT WARNING * * *
The nine-headed hydra bites you but does no damage. x2
The nine-headed hydra closely misses you.
The nine-headed hydra bites you but does no damage.
The nine-headed hydra bites you.
* * * LOW HITPOINT WARNING * * *
The bullfrog hits you but does no damage.
You barely miss the nine-headed hydra. You claw the nine-headed hydra.
The nine-headed hydra is almost dead.
The bullfrog hits you.
* * * LOW HITPOINT WARNING * * *
The nine-headed hydra bites you.
* * * LOW HITPOINT WARNING * * *
The nine-headed hydra bites you but does no damage.
The nine-headed hydra barely misses you.
The nine-headed hydra bites you but does no damage. x3
The nine-headed hydra barely misses you.
The nine-headed hydra bites you but does no damage.
The nine-headed hydra bites you.
You die...

Skill      XL: |  1  2  3  4  5  6  7  8  9 10 11 12 |
---------------+-------------------------------------+-----
Short Blades   | 3 4 5 6 7 9 |  9.1
Staves         | 5 8 10 12 13 | 13.3
Invocations    | 3 7 10 12 | 12.7
Fighting       | |  2.0
Throwing       | |  1.7
Dodging        | |  2.6

Action                   |  1- 3 |  4- 6 |  7- 9 | 10-12 || total
-------------------------+-------+-------+-------+-------++-------
Melee: Dagger            |   263 |   291 |    29 |       ||   583
       Rapier            |     5 |       |    39 |       ||    44
       Kick              |       |    58 |    89 |   111 ||   258
       Lajatang          |       |       |   316 |   463 ||   779
Invok: Minor Destruction |       |       |    12 |    22 ||    34
Evoke: Wand              |       |       |       |     3 ||     3
  Use: Scroll            |     6 |       |     4 |    17 ||    27
       Potion            |       |     2 |       |     4 ||     6
 Stab: Invisible         |       |       |       |     4 ||     4
Armor: Leather armour    |    96 |   103 |    18 |       ||   217
       Scale mail        |       |       |    54 |       ||    54
       Gold dragon scale |       |       |    83 |    42 ||   125
       Chain mail        |       |       |       |   242 ||   242
Dodge: Dodged            |   166 |   164 |   239 |   286 ||   855

Levels and vault maps discovered:
D:1:      dpeg_arrival_concentric_ovals, layout_basic
D:2:      layout_rooms, overflow_temple_1_default, st_stairs_7
D:3:      layout_rooms, grunt_temple_overflow_order_and_chaos_2,
          portal_sewer_entry_f, minmay_parallelograms, xom_teletrap_fun,
          uniq_sigmund
D:4:      layout_basic, kennysheep_mini, nicolae_overflow_hidden_temple,
          uniq_pikel
D:5:      layout_loops_cross, yredelemnul_altar_generic,
          gammafunk_temple_overflow_statue, serial_shops, shop,
          nicolae_tso_carved_into_rock
D:6:      layout_basic, grunt_dithmenos_smoke, serial_shops, shop_fountains,
          fedhas_altar_3
D:7:      layout_basic, minmay_temple_entry_statues_fountains
D:8:      nzn_winding_woodlands_cross [nzn_winding_woodlands_5x15_split_checker,
          nzn_winding_woodlands_5x15_sawtooth,
          nzn_winding_woodlands_5x15_crooked,
          nzn_winding_woodlands_5x15_concentric,
          nzn_winding_woodlands_15x15_five_gardens], layout_rooms, serial_shops,
          shop
D:9:      layout_layer_cave, serial_shops, shop, minmay_fire_ice_demons,
          uniq_erolcha
D:10:     layout_loops_ring, lair_entry_dummy, orc_0_dummy, nzn_life_drinkers,
          uniq_maggie
D:11:     wander_river, layout_loops_ring
Lair:1:   layout_gridlike, grunt_megastairs_5
Lair:2:   regret_index_bee_streams, layout_regular_city,
          minmay_shoals_entry_beasts, spider_nest_entry_funnel_web

Notes
Turn   | Place    | Note
-------+----------+-------------------------------------------
     0 | D:1      | Dracia the Demonspawn Gladiator began the quest for the
                  | Orb.
     0 | D:1      | Reached XP level 1. HP: 16/16 MP: 1/1
   148 | D:1      | Reached skill level 3 in Short Blades
   182 | D:1      | Gained mutation: You sometimes gain a little power by
                  | taking damage. [demonic ancestry]
   182 | D:1      | Reached XP level 2. HP: 6/22 MP: 2/2
   880 | D:1      | Gained mutation: You regenerate a little health from kills.
                  | [demonic ancestry]
   880 | D:1      | Reached XP level 3. HP: 21/27 MP: 3/3
  1056 | D:1      | Reached skill level 4 in Short Blades
  1247 | D:2      | Found a sparkling altar of Nemelex Xobeh.
  1976 | D:3      | Gained mutation: You sometimes gain power by taking damage.
                  | [demonic ancestry]
  1976 | D:3      | Reached XP level 4. HP: 23/33 MP: 4/4
  1987 | D:3      | Noticed Sigmund
  2036 | D:3      | Killed Sigmund
  2037 | D:3      | Reached skill level 5 in Short Blades
  2037 | D:3      | Gained mutation: You have sharp toenails. [demonic
                  | ancestry]
  2037 | D:3      | Reached XP level 5. HP: 14/38 MP: 5/5
  2234 | D:3      | Found a glowing silver altar of Zin.
  2234 | D:3      | Found a burning altar of Makhleb.
  2235 | D:3      | Noticed a blizzard demon
  2235 | D:3      | Noticed an angel
  2243 | D:3      | Became a worshipper of Makhleb the Destroyer
  2264 | D:3      | Found a shimmering altar of Xom.
  2351 | D:3      | Reached skill level 6 in Short Blades
  2381 | D:3      | Reached XP level 6. HP: 44/44 MP: 6/6
  2549 | D:3      | Found a glowing drain.
  2559 | Sewer    | Entered a sewer
  2671 | Sewer    | Reached * piety under Makhleb
  2672 | Sewer    | Reached skill level 7 in Short Blades
  2864 | Sewer    | Reached XP level 7. HP: 48/50 MP: 7/7
  3351 | D:4      | Got a dazzling lajatang
  3376 | D:4      | Identified the +5 lajatang "Banisher" {elec, rN+} (You
                  | found it on level 4 of the Dungeon)
  3391 | D:4      | Noticed Pikel
  3398 | D:4      | Killed Pikel
  3399 | D:4      | Reached skill level 9 in Short Blades
  3399 | D:4      | Reached XP level 8. HP: 56/56 MP: 8/8
  3426 | D:4      | Reached skill level 1 in Staves
  3622 | D:4      | Got a crude lead ring
  3624 | D:4      | Identified the ring "Vexuinibb" {*Contam +Inv +Fly EV+4
                  | Int+2} (You found it on level 4 of the Dungeon)
  3776 | D:4      | Reached skill level 2 in Staves
  3966 | D:4      | Reached ** piety under Makhleb
  3967 | D:4      | Reached skill level 3 in Staves
  4176 | D:4      | Found a sacrificial altar of Ru.
  4319 | D:4      | Found a snail-covered altar of Cheibriados.
  4642 | D:5      | Entered Level 5 of the Dungeon
  4649 | D:5      | Reached skill level 4 in Staves
  4669 | D:5      | Reached skill level 1 in Invocations
  4723 | D:5      | Found a glowing golden altar of the Shining One.
  4759 | D:5      | Reached skill level 2 in Invocations
  4790 | D:5      | Reached skill level 5 in Staves
  4844 | D:5      | Reached skill level 3 in Invocations
  4879 | D:5      | Found a bloodstained altar of Trog.
  4880 | D:5      | Found a white marble altar of Elyvilon.
  4926 | D:5      | Found Jimmysism's Antique Weapon Emporium.
  4934 | D:5      | Reached *** piety under Makhleb
  5141 | D:5      | Gained mutation: You are powered by pain. [demonic
                  | ancestry]
  5141 | D:5      | Reached XP level 9. HP: 61/61 MP: 11/11
  5242 | D:5      | Found a basalt altar of Yredelemnul.
  5246 | D:5      | Reached skill level 4 in Invocations
  5399 | D:6      | Reached skill level 6 in Staves
  5439 | D:6      | Found a blossoming altar of Fedhas.
  5463 | D:6      | Found Xukkof's Antique Armour Shoppe.
  5674 | D:6      | Found a shadowy altar of Dithmenos.
  5725 | D:6      | Reached skill level 5 in Invocations
  6233 | D:7      | Found a staircase to the Ecumenical Temple.
  6439 | D:7      | Reached skill level 7 in Staves
  6565 | D:7      | Reached **** piety under Makhleb
  6832 | D:7      | Reached skill level 6 in Invocations
  6922 | D:8      | Found Usacab's Book Shoppe.
  7002 | D:8      | Reached skill level 8 in Staves
  7053 | D:8      | Noticed an orc knight
  7075 | D:8      | Killed an orc knight
  7076 | D:8      | Reached skill level 7 in Invocations
  7076 | D:8      | Reached XP level 10. HP: 29/67 MP: 15/15
  7095 | D:8      | Noticed a gargoyle
  7102 | D:8      | Killed a gargoyle
  7176 | D:8      | Reached skill level 9 in Staves
  7311 | D:8      | Reached skill level 8 in Invocations
  7984 | D:9      | Found Gutaloi's Book Boutique.
  8170 | D:9      | Noticed Erolcha
  8187 | D:9      | Killed Erolcha
  8188 | D:9      | Reached skill level 10 in Staves
  8188 | D:9      | Reached skill level 9 in Invocations
  8324 | D:9      | Reached ***** piety under Makhleb
  9560 | D:10     | Entered Level 10 of the Dungeon
  9593 | D:10     | Reached skill level 10 in Invocations
  9593 | D:10     | Gained mutation: You are partially covered in iridescent
                  | scales. (AC +2) [demonic ancestry]
  9593 | D:10     | Reached XP level 11. HP: 72/72 MP: 18/18
  9594 | D:10     | Noticed a two-headed ogre
  9598 | D:10     | Killed a two-headed ogre
  9599 | D:10     | Reached skill level 11 in Staves
  9668 | D:10     | Noticed Maggie
  9680 | D:10     | Killed Maggie
  9703 | D:10     | Found a staircase to the Orcish Mines.
  9724 | D:10     | Found a burning altar of Makhleb.
  9775 | D:10     | Found a glowing golden altar of the Shining One.
  9831 | D:10     | Found a staircase to the Lair.
 10477 | D:11     | Reached skill level 11 in Invocations
 10549 | D:11     | Noticed a two-headed ogre
 10554 | D:11     | Killed a two-headed ogre
 10668 | D:11     | Reached skill level 12 in Staves
 10756 | D:11     | Noticed a brown ugly thing
 10766 | D:11     | Killed a brown ugly thing
 10932 | Lair:1   | Entered Level 1 of the Lair of Beasts
 11498 | Lair:1   | Reached skill level 12 in Invocations
 11634 | Lair:1   | Gained mutation: Your flesh is heat resistant. (rF+)
                  | [demonic ancestry]
 11634 | Lair:1   | Reached XP level 12. HP: 78/78 MP: 21/21
 11758 | Lair:1   | Reached skill level 13 in Staves
 12183 | Lair:2   | Found a hole to the Spider Nest.
 12190 | Lair:2   | HP: 6/78 [poisoned by a wolf spider]
 12228 | Lair:2   | Noticed a six-headed hydra
 12236 | Lair:2   | HP: 2/78 [nine-headed hydra (6)]
 12236 | Lair:2   | Slain by a nine-headed hydra

Vanquished Creatures
  Erolcha (D:9)
  2 two-headed ogres
  An orc knight (D:8)
  Pikel (D:4)
  2 wolf spiders (Lair:2)
  An ugly thing (D:11)
  2 black mambas (Lair:1)
  3 cane toads (Lair:1)
  A gargoyle (D:8)
  2 komodo dragons (Lair:1)
  Maggie (D:10)
  A troll (D:9)
  2 polar bears (Lair:1)
  A hornet (D:11)
  A jumping spider (Lair:2)
  4 blink frogs (Lair:1)
  A redback (Lair:2)
  A vampire (D:10)
  2 wraiths
  Sigmund (D:3)
  17 yaks
  A basilisk (Lair:1)
  4 water moccasins
  4 orc warriors
  An ice beast (D:7)
  A sky beast (D:8)
  A black bear (D:8)
  2 phantoms
  6 ogres
  6 centaurs
  5 big kobolds
  11 bullfrogs
  4 scorpions
  15 killer bees
  4 wights (D:9)
  7 howler monkeys
  A crimson imp (D:9)
  8 hounds
  A quasit (D:11)
  A centaur zombie (D:9)
  2 jellies
  5 orc priests
  2 bullfrog skeletons
  2 centaur skeletons (D:4)
  3 iguanas
  7 worker ants
  9 orc wizards
  A hound zombie (D:5)
  A worker ant zombie (D:9)
  20 adders
  4 gnolls (D:4)
  2 shadow imps (D:5)
  3 white imps (D:9)
  4 ufetubi
  An ooze (Sewer)
  An adder zombie (D:8)
  3 worms
  2 dart slugs
  11 leopard geckos
  52 orcs
  9 giant cockroaches
  5 goblins
  6 hobgoblins
  17 jackals
  8 quokkas
  7 ball pythons
  5 bats
  4 frilled lizards
  A jackal skeleton (D:5)
  26 kobolds
  A leopard gecko zombie (D:4)
  5 rats
360 creatures vanquished.

Vanquished Creatures (others)
  A bat (D:3)
  A fungus (Lair:2)
  20 plants (D:8)
  A withered plant (D:5)
23 creatures vanquished.

Grand Total: 383 creatures vanquished

Table legend: (Time is in decaauts)
 A = Elapsed time spent in this place.
 B = Non-inter-level travel time spent in this place.
 C = Inter-level travel time spent in this place.
 D = Time resting spent in this place.
 E = Time spent auto-exploring this place.
 F = Levels seen in this place.
 G = Mean time per level.
                   A        B        C        D        E       F      G
               +--------+--------+--------+--------+--------+-----+--------+
         Total |  12161 |  11572 |    589 |   1248 |   7865 |  14 |  868.6 |
       Dungeon |  10613 |  10058 |    555 |   1248 |   6814 |  11 |  964.8 |
          Lair |   1086 |   1053 |     33 |      0 |    877 |   2 |  543.0 |
         Sewer |    460 |    460 |      0 |      0 |    173 |   1 |  460.0 |
               +--------+--------+--------+--------+--------+-----+--------+

Top non-repeatable levels by time:
     D:8: 1317 daAuts
     D:4: 1260 daAuts
     D:9: 1252 daAuts
     D:1: 1182 daAuts
  Lair:1: 1020 daAuts
    D:10: 973 daAuts
     D:3: 941 daAuts
     D:6: 853 daAuts
     D:5: 750 daAuts
     D:7: 742 daAuts
     D:2: 726 daAuts
    D:11: 612 daAuts
   Sewer: 460 daAuts
  Lair:2: 66 daAuts

Table legend:
 A = Non-vault XP
 B = Vault XP
 C = Vault XP percentage of total XP
 D = Non-vault monster count
 E = Vault monster count
 F = Vault count percentage of total count
                 A         B        C        D         E       F
            +---------+---------+-------+---------+---------+-------
      Total |   18824 |    6846 |  26.7 |     304 |      56 |  15.6
            +---------+---------+-------+---------+---------+-------
        D:1 |      55 |       0 |   0.0 |      30 |       0 |   0.0
        D:2 |      37 |       1 |   2.6 |      10 |       1 |   9.1
        D:3 |     216 |     227 |  51.2 |      22 |       7 |  24.1
        D:4 |     549 |     629 |  53.4 |      32 |       1 |   3.0
        D:5 |    1005 |       0 |   0.0 |      41 |       0 |   0.0
        D:6 |     703 |       0 |   0.0 |      22 |       0 |   0.0
        D:7 |     807 |       0 |   0.0 |      19 |       0 |   0.0
        D:8 |     792 |    1904 |  70.6 |      11 |      17 |  60.7
        D:9 |    2584 |    1055 |  29.0 |      37 |       3 |   7.5
       D:10 |    2657 |     582 |  18.0 |      29 |       2 |   6.5
       D:11 |    3327 |       0 |   0.0 |      28 |       0 |   0.0
     Lair:1 |    6092 |     444 |   6.8 |      23 |       1 |   4.2
     Lair:2 |       0 |    1644 | 100.0 |       0 |       4 | 100.0
      Sewer |       0 |     360 | 100.0 |       0 |      20 | 100.0
            +---------+---------+-------+---------+---------+-------
